Map: 2000 Atmospheres LE

Players

soul

  • Race: Terran Terran
  • League: Grandmaster

SKillous - Winner!

  • Race: Protoss Protoss
  • League: Grandmaster

Event: DreamHack SC2 Masters 2021 Summer

VOD

Have the link to the VOD?

Description

Time

  • Played on: June 2, 2021, 10:35 a.m.
  • Length: 5:57

All games in this series

Show
View Real Time Build Order
Export as new Build Order

soul Terran 

Build Orders:  

Get SALT Encoding   

  12  0:00  SCV  
  13  0:12  SCV  
  14  0:17  Supply Depot  
  14  0:24  SCV  
  15  0:38  SCV  
  15  0:40  Barracks  
  16  0:44  Refinery  
  16  0:50  SCV  
  17  1:03  SCV  
  18  1:15  SCV  
  19  1:28  Orbital Command, Marine  
  20  1:43  Command Center  
  20  1:46  Reaper  
  21  1:52  Supply Depot  
  21  1:56  SCV  
  22  2:08  Factory  
  22  2:09  SCV  
  23  2:20  Bunker  
  23  2:22  Barracks Reactor, SCV  
  24  2:28  Refinery  
  24  2:34  SCV  
  25  2:46  SCV  
  26  2:53  Hellion  
  26  2:56  Orbital Command  
  26  2:58  SCV  
  29  3:00  Starport  
  29  3:01  Orbital Command  
  29  3:02  Marine  
  29  3:05  Marine  
  31  3:10  SCV  
  32  3:15  Factory Tech Lab  
  32  3:19  Marine  
  31  3:22  SCV, Marine  
  34  3:27  SCV  
  35  3:34  SCV  
  35  3:37  Marine  
  35  3:39  SCV  
  38  3:42  Factory Tech Lab, Marine  
  38  3:45  Raven  
  38  3:46  SCV  
  42  3:51  SCV, Supply Depot  
  42  3:55  Marine  
  43  3:58  SCV  
  46  4:12  SCV, Marine, Command Center, Siege Tank  
  46  4:13  SCV  
  51  4:21  Refinery  
  51  4:23  Supply Depot  
  51  4:24  SCV  
  52  4:26  SCV  
  53  4:36  SCV  
  54  4:45  Banshee, Marine, SCV  
  59  4:46  Supply Depot  
  59  4:48  SCV  
  59  4:49  Siege Tank  
  61  4:56  Marine  
  61  4:59  SCV  
  62  5:01  SCV  
  59  5:10  Marine  
  59  5:11  SCV  
  59  5:13  SCV, Bunker  
  62  5:17  Marine  
  51  5:23  SCV  
  51  5:25  SCV  
  51  5:27  Marine  
  49  5:35  Marine  
Show
View Real Time Build Order
Export as new Build Order

SKillous Protoss - Winner!

Build Orders: 1 Gate Expand 

Get SALT Encoding   

  12  0:00  Probe  
  13  0:12  Probe  
  14  0:17  Pylon  
  14  0:24  Probe (Chrono Boost)  
  15  0:36  Probe (Chrono Boost), Gateway  
  16  0:45  Probe (Chrono Boost)  
  16  0:46  Assimilator  
  17  0:50  Probe  
  18  1:03  Probe  
  19  1:15  Probe  
  20  1:23  Cybernetics Core  
  20  1:32  Nexus  
  20  1:42  Probe, Pylon  
  21  1:51  Assimilator  
  21  1:54  Probe  
  21  1:58  Adept (Chrono Boost)  
  21  2:01  Warp Gate  
  24  2:07  Probe  
  25  2:18  Robotics Facility  
  25  2:19  Probe  
  26  2:24  Stalker (Chrono Boost)  
  28  2:31  Probe  
  29  2:43  Probe  
  30  2:44  Gateway  
  30  2:45  Probe  
  31  2:58  Probe  
  32  3:00  Sentry  
  32  3:02  Probe  
  32  3:05  Immortal (Chrono Boost)  
  35  3:11  Probe  
  40  3:18  Probe  
  40  3:23  Probe  
  40  3:24  Pylon  
  41  3:34  Warp Prism (Chrono Boost)  
  42  3:36  Probe  
  44  3:42  Gateway  
  44  3:46  Gateway  
  44  3:49  Probe  
  44  3:51  Sentry  
  44  3:53  Sentry  
  44  3:55  Probe  
  51  4:10  Observer  
  51  4:13  Pylon  
  51  4:16  Sentry  
  53  4:19  Probe, Pylon  
  54  4:28  Pylon  
  54  4:29  Assimilator  
  54  4:31  Probe  
  54  4:36  Stalker  
  57  4:39  Stalker  
  57  4:40  Zealot  
  57  4:41  Zealot  
  57  4:43  Probe (Chrono Boost)  
  57  4:44  Probe (Chrono Boost)  
  65  4:47  Pylon  
  65  4:55  Probe (Chrono Boost)  
  62  5:03  Zealot x4  
  62  5:04  Probe  
  62  5:05  Probe  
  64  5:24  Stalker x4  
  66  5:29  Probe  
  67  5:42  Probe  
  62  5:51  Zealot x4  
Tags
 
Add a new tag
Caveats
  • Supply blocks, unpowered buildings, or Contaminate may cause inaccurate times.
  • Supply counts are checked every 10 seconds.